 Dungeon Crawl Stone Soup version 0.16-a0-2038-g968ce0a (webtiles) character file.

79 thegroundistoosoft the Insei (level 4, -1/35 HPs)
             Began as a Mummy Monk on Nov 11, 2014.
             Slain by a gnoll
             ... wielding a cursed -2 spear
              (2 damage)
             ... on level 2 of the Dungeon.
             The game lasted 00:08:32 (2618 turns).

thegroundistoosoft the Insei (Mummy Monk)           Turns: 2618, Time: 00:08:32

Health: -1/35      AC:  0    Str: 14    XL:     4   Next: 16%
Magic:  4/4        EV: 13    Int:  9    God:
Gold:   57         SH:  0    Dex: 15    Spells: 0 memorised, 3 levels left

rFire  x . .     SeeInvis .       - Unarmed
rCold  + . .     Clarity  .     (no armour)
rNeg   + + +     SustAb   .     (no shield)
rPois  +         Gourm    .     (no helmet)
rElec  .         Spirit   .     (no cloak)
rCorr  .         Warding  .     (no gloves)
rMut   .         Stasis   .     (no boots)
MR     .....                    (no amulet)
Stlth  ++........               (no ring)
                                (no ring)

@: about to teleport, not resistant to hostile enchantments, unstealthy
A: no food or potions, fire vulnerability, restore body, cold resistance 1,
negative energy resistance 3, poison resistance, torment resistance, unbreathing
a: no special abilities


You were on level 2 of the Dungeon.
You were not hungry.

You visited 1 branch of the dungeon, and saw 2 of its levels.

You collected 57 gold pieces.


Innate Abilities, Weirdness & Mutations

You do not eat or drink.
Your flesh is vulnerable to fire.
Your flesh is cold resistant.
You are immune to negative energy.
Your system is resistant to poisons.
You are immune to unholy pain and torment.
You can survive without breathing.


   Skills:
 - Level 3.0 Fighting
 - Level 2.4 Dodging
 - Level 1.5 Stealth
 + Level 4.7 Unarmed Combat


You had 3 spell levels left.
You didn't know any spells.

Inventory:

Missiles
 a - 10 silver sling bullets
Scrolls
 c - 3 scrolls of identify
 e - a scroll of remove curse {unknown}
 f - a scroll of enchant armour {unknown}
 g - a scroll of random uselessness {unknown}
Comestibles
 b - 3 fruits (quivered)
 h - a bread ration

Dungeon Overview and Level Annotations

Branches:
Dungeon (2/15)

Altars:

Annotations:
D:2 Ijyb

# # ############
#..........#######
#.)...............
#..g......†#######
#..g.......#
#@.........#
############


You could see 2 gnolls.


Message History

You hit the gnoll.
The gnoll is lightly wounded.
The gnoll hits you with a club!
You hit the gnoll.
The gnoll is moderately wounded.
You hit the gnoll.
The gnoll is heavily wounded.
The gnoll hits you with a club.
You punch the gnoll!
You kill the gnoll!
The gnoll hits you from afar with a spear!
Read which item? (? for menu, Esc to quit)
As you read the scroll labeled EJENUSO NEAT, it crumbles to dust.
It is a scroll of identify.
Identify which item? (\ to view known items) (? for menu, Esc to quit)
d - a scroll of teleportation The gnoll hits you from afar with a spear.
* * * LOW HITPOINT WARNING * * *
Read which item? (? for menu, Esc to quit)
As you read the scroll of teleportation, it crumbles to dust.
You feel strangely unstable.
The gnoll hits you from afar with a spear.
* * * LOW HITPOINT WARNING * * *
The gnoll hits you from afar with a spear.
* * * LOW HITPOINT WARNING * * *
Unknown command.
The gnoll hits you from afar with a spear.
* * * LOW HITPOINT WARNING * * *
The gnoll hits you from afar with a spear.
You die...

Action                   |  1- 3 |  4- 6 || total
-------------------------+-------+-------++-------
Melee: Unarmed           |   158 |    14 ||   172
  Use: Scroll            |       |     2 ||     2
 Stab: Sleeping          |     3 |       ||     3

Vault maps used:
D:1:      minmay_arrival_widening_spiral_wide, st_stairs_6
D:2:      nicolae_ru_great_annihilating_truth, uniq_iyjb

Notes
Turn   | Place    | Note
--------------------------------------------------------------
     0 | D:1      | thegroundistoosoft, the Mummy Monk, began the quest for the Orb.
     0 | D:1      | Reached XP level 1. HP: 18/18 MP: 1/1
     0 | D:1      | Artagel: the early game is... easy.
     0 | D:1      | thegroundistoosoft: ikr
     0 | D:1      | thegroundistoosoft: and late it's the dance of the million knives
    78 | D:1      | thegroundistoosoft: NEAT
   264 | D:1      | Artagel: only 50% hp after a bat
   264 | D:1      | Artagel: :D
   357 | D:1      | thegroundistoosoft: you mean still
   669 | D:1      | Reached XP level 2. HP: 17/24 MP: 2/2
   745 | D:1      | Artagel: oh my
   771 | D:1      | Artagel: doorregen scumming
   825 | D:1      | IS IT NOT SO THAT THOU ART NEW
  1050 | D:1      | thegroundistoosoft: man why did alvina-tier speech not make it into das2+
  1171 | D:1      | Artagel: :D
  1249 | D:1      | Artagel: need that ff14 dialogue
  1254 | D:1      | Reached skill level 4 in Unarmed Combat
  1334 | D:1      | thegroundistoosoft: it would improve the game significantly
  1334 | D:1      | thegroundistoosoft: instead of SEEK SEEK LEST
  1494 | D:2      | Artagel: seek greater souls
  1533 | D:2      | Reached XP level 3. HP: 20/29 MP: 3/3
  1717 | D:2      | thegroundistoosoft: it's funny that we had to wait until the damn DLC to get one good npc
  1717 | D:2      | thegroundistoosoft: which turned out to be vendrick
  1793 | D:2      | Artagel: I actually haven't played any dlc
  1820 | D:2      | thegroundistoosoft: oh you got it?
  1820 | D:2      | Artagel: nah
  1820 | D:2      | thegroundistoosoft: thought you didn't like it much
  2324 | D:2      | Noticed Ijyb
  2328 | D:2      | Artagel: but I'm not really religiously against getting it some time
  2328 | D:2      | Artagel: the wandgoblin eh
  2328 | D:2      | thegroundistoosoft: :D
  2403 | D:2      | Reached XP level 4. HP: 27/35 MP: 4/4
  2618 | D:2      | Artagel: hm
  2618 | D:2      | thegroundistoosoft: perhaps this is not the best timing
  2618 | D:2      | thegroundistoosoft: to remember to id
  2618 | D:2      | HP: 1/35 [gnoll/spear (5)]
  2618 | D:2      | Slain by a gnoll

Vanquished Creatures
  2 gnolls (D:2)
  2 giant mites (D:2)
  A worm (D:2)
  An ooze (D:2)
  6 bats
  A giant cockroach (D:2)
  5 hobgoblins (D:1)
  A kobold (D:2)
  A giant gecko (D:1)
  6 giant newts
  10 goblins
  4 rats
40 creatures vanquished.
